Map: Abyssal Reef LE

Players

Railgan - Winner!

  • Race: Zerg Zerg
  • League: Grandmaster
  • Spawn Location: 5:00

lIlIIlIlIIll

  • Race: Zerg Zerg
  • League: Master
  • Spawn Location: 11:00

VOD

Have the link to the VOD?

Description

Time

  • Played on: March 23, 2017, 6:24 p.m.
  • Length: 7:06
Show
View Real Time Build Order
Export as new Build Order

Railgan Zerg - Winner!

Build Orders: Hatch First 

Get SALT Encoding   

  12  0:01  Drone  
  13  0:13  Overlord  
  13  0:17  Drone  
  14  0:31  Drone x2  
  14  0:35  Drone  
  17  0:53  Hatchery  
  17  0:55  Drone  
  17  0:59  Drone  
  18  1:09  Extractor  
  17  1:14  Spawning Pool  
  17  1:16  Drone  
  17  1:20  Drone  
  18  1:28  Drone  
  19  1:39  Overlord  
  19  1:57  Drone  
  20  2:01  Queen  
  20  2:02  Zergling x2  
  20  2:04  Queen  
  20  2:06  Zergling x2  
  26  2:11  Drone, Metabolic Boost  
  27  2:16  Drone  
  27  2:22  Drone  
  29  2:26  Drone  
  30  2:32  Baneling Nest  
  29  2:37  Queen  
  29  2:42  Overlord  
  31  2:44  Drone  
  31  2:47  Zergling x2  
  33  2:58  Zergling x4  
  33  3:01  Zergling x2  
  36  3:06  Zergling x2  
  37  3:14  Zergling x10  
  37  3:15  Baneling x2  
  37  3:17  Baneling  
  37  3:18  Baneling x2  
  41  3:20  Zergling x4  
  43  3:41  Zergling x2  
  43  3:46  Baneling x2  
  43  3:47  Overlord  
  43  3:51  Extractor  
  42  4:03  Drone  
  42  4:05  Overlord  
  42  4:09  Drone x4  
  47  4:10  Drone  
  47  4:15  Drone x4  
  47  4:22  Drone  
  48  4:25  Drone  
  48  4:28  Hatchery  
  48  4:30  Lair  
  48  4:33  Zergling x2  
  48  4:43  Zergling x10  
  51  4:56  Drone x3  
  51  4:57  Roach Warren  
  53  5:03  Drone x3  
  53  5:05  Extractor  
  53  5:07  Baneling  
  55  5:09  Drone  
  55  5:10  Overlord  
  56  5:19  Drone x2  
  53  5:22  Drone  
  53  5:23  Drone x3  
  57  5:29  Drone  
  57  5:30  Drone  
  59  5:36  Baneling, Evolution Chamber, Glial Reconstitution  
  59  5:40  Drone  
  59  5:41  Drone  
  60  5:43  Drone  
  60  5:48  Roach x3  
  60  5:49  Roach  
  69  5:57  Roach  
  69  5:58  Roach  
  69  5:59  Drone  
  69  6:00  Overlord  
  69  6:03  Overseer  
  74  6:07  Baneling x5  
  74  6:08  Overlord  
  74  6:09  Extractor  
  73  6:19  Roach x4  
  73  6:23  Overlord  
  73  6:24  Zergling x2  
  82  6:28  Drone  
  82  6:30  Drone  
  84  6:34  Roach x3  
  84  6:35  Evolution Chamber  
  84  6:39  Overlord  
  89  6:42  Roach x4  
  89  6:46  Baneling x2  
  97  6:48  Overlord  
Show
View Real Time Build Order
Export as new Build Order

lIlIIlIlIIll Zerg 

Build Orders: Hatch First 

Get SALT Encoding   

  12  0:00  Drone  
  13  0:12  Overlord  
  13  0:17  Drone  
  14  0:30  Drone x2  
  14  0:34  Drone  
  17  0:52  Hatchery  
  17  0:54  Drone  
  17  0:57  Extractor  
  16  1:00  Drone  
  17  1:14  Spawning Pool  
  16  1:19  Drone  
  16  1:21  Drone  
  18  1:28  Drone  
  19  1:38  Overlord  
  19  2:00  Metabolic Boost  
  19  2:01  Queen  
  19  2:04  Queen  
  19  2:05  Zergling x2  
  19  2:07  Zergling x2  
  25  2:10  Zergling x2  
  25  2:12  Zergling x2  
  25  2:15  Zergling x2  
  29  2:22  Zergling x2  
  29  2:27  Zergling x2  
  30  2:34  Overlord  
  30  2:36  Queen  
  30  2:37  Zergling x2  
  30  2:43  Zergling x2  
  34  2:49  Zergling x2  
  35  2:54  Zergling x2  
  36  2:59  Zergling x2  
  36  3:04  Zergling x2  
  38  3:10  Zergling x8  
  42  3:13  Zergling x4  
  43  3:20  Overlord  
  43  3:28  Spine Crawler, Drone  
  43  3:29  Overlord  
  42  3:34  Drone  
  41  3:41  Drone x2  
  41  3:44  Drone  
  41  3:46  Drone  
  41  3:47  Drone x2  
  47  4:01  Queen  
  49  4:08  Zergling x4  
  48  4:16  Queen  
  44  4:17  Drone  
  44  4:19  Evolution Chamber  
  44  4:22  Drone  
  44  4:23  Spine Crawler  
  43  4:43  Zergling x6  
  40  4:47  Overlord  
  40  4:48  Zerg Ground Armor Level 1  
  40  4:51  Zergling x6  
  44  4:53  Zergling x4  
  44  4:54  Zergling x2  
  47  5:04  Overlord  
  47  5:06  Zergling x4  
  47  5:07  Zergling x2  
  50  5:10  Baneling Nest  
  49  5:18  Zergling x4  
  45  5:23  Zergling x2  
  45  5:25  Zergling x2  
  45  5:26  Zergling x6  
  50  5:32  Zergling x2  
  51  5:36  Zergling x2  
  51  5:39  Zergling x6  
  55  5:46  Zergling x2  
  55  5:49  Zergling x2  
  57  5:53  Zergling x2  
  57  5:54  Zergling x4  
  57  5:56  Baneling x2  
  57  5:57  Baneling x3  
  60  5:59  Zergling x4  
  62  6:05  Zergling x6  
  62  6:06  Zergling x2  
  66  6:12  Zergling x2  
  66  6:16  Zergling x2  
  68  6:22  Zergling x6  
  71  6:29  Zergling x4  
  73  6:33  Zergling x2  
  73  6:36  Unknown  
  75  6:40  Zergling x4  
  75  6:42  Overlord  
Tags
 
Add a new tag
Caveats
  • Supply blocks, unpowered buildings, or Contaminate may cause inaccurate times.
  • Supply counts are checked every 10 seconds.